 Dungeon Crawl Stone Soup version 0.29.0 (webtiles) character file.

Game seed: 7168906289687682768

9 zenocrate the Scratcher (level 2, 0/12 HPs)
             Began as a Felid Transmuter on Aug 25, 2022.
             Constricted to death by a ball python (1 damage)
             ... on level 1 of the Dungeon.
             The game lasted 00:00:50 (583 turns).

zenocrate the Scratcher (Felid Transmuter)           Turns: 583, Time: 00:00:50

Health: 0/12       AC:  1    Str:  6    XL:     2   Next: 3%
Magic:  6/6        EV: 14    Int: 14    God:
Gold:   55         SH:  0    Dex: 16    Spells: 4/5 levels left
                                        Lives:  0   Deaths: 0

rFire   . . .      SeeInvis +     - Unarmed
rCold   . . .      Faith    .   (shield unavailable)
rNeg    . . .      Spirit   .   (body armour unavailable)
rPois   .          Reflect  .   (helmet unavailable)
rElec   .          Harm     .   (cloak unavailable)
rCorr   .          Rampage  .   (gloves unavailable)
Will    .....                   (boots unavailable)
Stlth   +.........              (no amulet)
HPRegen 0.04/turn               (no ring)
MPRegen 0.10/turn               (no ring)

@: constricted, quick
A: very small, claws 1, fangs 3, see invisible, speed 1, shaggy fur 1, stealthy
paws, no weapons or thrown items, no armour, multi-lived
a: no special abilities


You were on level 1 of the Dungeon.
You visited 1 branch of the dungeon, and saw 1 of its levels.

You collected 55 gold pieces.

Inventory:

Scrolls
 b - a scroll of fear {unknown}
 d - a scroll of blinking {unknown}
Potions
 a - a potion of lignification
 c - a potion of cancellation {unknown}
 e - a potion of curing {unknown}


   Skills:
 - Level 1.0 Fighting
 - Level 2.6 Dodging
 + Level 3.6 Unarmed Combat
 - Level 2.0 Spellcasting
 - Level 2.1 Transmutations


You had 4 spell levels left.
You knew the following spells:

 Your Spells              Type           Power      Damage    Failure   Level
a - Beastly Appendage     Tmut           14%        N/A       10%         1

Your spell library contained the following spells:

 Spells                   Type           Power      Damage    Failure   Level
 Wereblood                Tmut           7%         N/A       14%         2
 Spider Form              Tmut/Pois      4%         N/A       41%         3
 Ice Form                 Ice/Tmut       4%         N/A       83%         4


Dungeon Overview and Level Annotations

Branches:
Dungeon (1/15)

Altars:


Innate Abilities, Weirdness & Mutations

You have sharp claws.
You have razor-sharp teeth.
You have supernaturally acute eyesight. (SInv)
You cover ground quickly. (Speed+)
You are covered in fur. (AC +1)
Your paws help you pounce on unaware monsters.
You are incapable of wielding weapons or throwing items.
You cannot wear armour.
You gain extra lives every three experience levels.


Message History

The quokka bites you.
You barely miss the quokka. Your headbutt misses the quokka.
You bite the quokka, but do no damage. The quokka closely misses you.
You scratch the quokka.
You headbutt the quokka, but do no damage.
The quokka is lightly wounded.
The quokka bites you.
* * * LOW HITPOINT WARNING * * *
A quokka is nearby!
You miss the quokka. You bite the quokka.
The quokka is moderately wounded.
The quokka barely misses you.
You closely miss the quokka. Your headbutt misses the quokka.
The quokka is moderately wounded.
The quokka closely misses you.
You closely miss the quokka.
The quokka is moderately wounded.
The quokka closely misses you. The quokka completely misses you.
You scratch the quokka.
You kill the quokka!
You have reached level 2!
Unknown command.
You start resting.
Your horns disappear.
Magic restored.
A ball python comes into view.
You see here a quokka corpse.
A ball python is nearby!
A ball python is nearby!
An endoplasm comes into view.
Found a scroll labelled OPTOTA IFAHIU.
The ball python hisses angrily.
The ball python barely misses you. The ball python grabs you.
The ball python constricts you.
* * * LOW HITPOINT WARNING * * *
You barely miss the ball python. The ball python bites you.
* * * LOW HITPOINT WARNING * * *
The ball python constricts you. The ball python barely misses you.
The ball python constricts you.
You die...

..).......#
#.........#
...<......#
#.........#
..........#
#..†......#
..........#
#.........#
.........##
#######.........#
........##
#...............#
.......##
#...............#
#.....#+
#...............#
##...##
#...@....########
###.## #...S....#
..#.#
....J######.# #.#
. .###. ?# #.# .#
#.######## .#
#.........
.........#
....###...


You could see an endoplasm (wandering) and a ball python.

Vanquished Creatures
  A kobold (D:1)
  A quokka (D:1)
  A ball python (D:1)
  4 bats (D:1)
  2 rats (D:1)
9 creatures vanquished.

Notes
Turn   | Place    | Note
-------+----------+-------------------------------------------
     0 | D:1      | zenocrate the Felid Transmuter began the quest for the Orb.
     0 | D:1      | Reached XP level 1. HP: 9/9 MP: 4/4
   564 | D:1      | Reached XP level 2. HP: 3/12 MP: 4/6
   583 | D:1      | Constricted to death by a ball python

Illustrated notes

Levels and vault maps discovered:
D:1:      lemuel_arrival_rhombus, layout_basic,
          shapermc_ecumenical_altar_rom_forum, hex_large,
          wander_ebering_terrifying_dragon_lair

Action                   || total
-------------------------++-------
Melee: Unarmed           ||    32
       Bite              ||     4
       Headbutt          ||     2
 Cast: Beastly Appendage ||     8
Armor: Skin              ||     4
Dodge: Dodged            ||    41
